 Dungeon Crawl Stone Soup version 0.30-a0-777-ga9a30cbeda (webtiles) character file.

Game seed: 11956159149393127843

74013 qeuew the Brawler (level 15, -1/144 (148) HPs)
             Began as a Troll Berserker on Feb 14, 2023.
             Was a High Priest of Trog.
             Slain by a titanic slime creature (8 damage)
             ... while petrified by a basilisk
             ... on level 12 of the Dungeon.
             The game lasted 00:19:12 (13915 turns).

qeuew the Brawler (Troll Berserker)                Turns: 13915, Time: 00:19:12

HP:   -1/144 (148)  AC: 12    Str: 34    XL:     15   Next: 5%
MP:   14/14         EV:  1    Int:  4    God:    Trog [*****.]
Gold: 754           SH:  0    Dex: 16    Spells: 14/14 levels left

rFire   + . .      SeeInvis .      - Unarmed
rCold   . . .      Faith    .    (no shield)
rNeg    + + +      Spirit   .    r - +4 robe of the Ego {Int+4}
rPois   ∞          Reflect  +    f - +1 hat
rElec   .          Harm     .    c - +2 cloak {Will+}
rCorr   .          Rampage  .    (gloves unavailable)
Will    ++...                    (boots unavailable)
Stlth   +                        v - amulet of reflection
HPRegen 1.24/turn                p - +4 ring of slaying
MPRegen 0.14/turn                g - ring of Rycykeg {rF+ Str+3 Int-3 Dex+3}

@: petrified, slowed, lightly drained
A: large, unfitting armour, claws 3, regeneration 1, shaggy fur 1, tough skin 1
a: Renounce Religion, Berserk, Trog's Hand, Brothers in Arms


You were on level 12 of the Dungeon.
You worshipped Trog.
Trog was extremely pleased with you.
You visited 2 branches of the dungeon, and saw 17 of its levels.

You collected 1198 gold pieces.
You spent 444 gold pieces at shops.

Inventory:

Missiles
 n - 2 throwing nets
Armour
 c - a +2 cloak of willpower (worn)
 f - a +1 hat (worn)
 r - the +4 robe of the Ego (worn) {Int+4}
   (You found it on level 5 of the Dungeon)

   Int:       It affects your intelligence (+4).
 x - a +0 troll leather armour
Jewellery
 g - the ring of Rycykeg (right claw) {rF+ Str+3 Int-3 Dex+3}
   (You found it on level 4 of the Dungeon)

   [ring of protection from fire]

   Str:       It affects your strength (+3).
   Int:       It affects your intelligence (-3).
   Dex:       It affects your dexterity (+3).
   rF:        It protects you from fire.
 l - a ring of positive energy
 p - a +4 ring of slaying (left claw)
 v - an amulet of reflection (around neck)
Wands
 k - a wand of roots (5)
 t - a wand of flame (8)
 w - a wand of charming (5)
Scrolls
 a - 9 scrolls of identify
 b - a scroll of blinking
 e - 4 scrolls of enchant weapon
 j - 6 scrolls of teleportation
 m - a scroll of brand weapon
 s - a scroll of fear
 u - a scroll of enchant armour
 y - a scroll of immolation {unknown}
Potions
 d - 4 potions of heal wounds
 h - 4 potions of might
 i - 11 potions of curing
 o - 2 potions of haste
 q - 2 potions of invisibility
 z - 2 potions of mutation {unknown}
 A - 2 potions of ambrosia {unknown}


   Skills:
 + Level 9.6 Fighting
 * Level 13.2 Dodging
 * Level 15.6 Unarmed Combat
 + Level 6.7 Evocations


You had 14 spell levels left.
You didn't know any spells.
Your spell library was empty.

Dungeon Overview and Level Annotations

Branches:
Dungeon (12/15)            Temple (0/1) D:7            Lair (5/5) D:8
  Swamp (0/4) Lair:3       Spider (0/4) Lair:3        Slime (0/5) Lair:5
    Orc (0/2) D:12

Altars:
Ashenzari
Cheibriados
Dithmenos
Fedhas
Gozag
Kikubaaqudgha
Makhleb
Nemelex Xobeh
Okawaru
Trog
Uskayaw
Vehumet
Xom
Yredelemnul
Jiyva

Shops:
D:10 *

Portals:
Abyss: D:3

Annotations:
D:3 4 transporters, PLAYERX's ghost, weakling GnMo
Lair:4 exclusion: ice statue


Innate Abilities, Weirdness & Mutations

You are too large for most types of armour.
You have claws for hands.
Your natural rate of healing is unusually fast.
You are covered in fur. (AC +1)
You have tough skin. (AC +1)


Message History

You claw the enormous slime creature!
The enormous slime creature is heavily wounded.
The wraith misses you. The basilisk gazes at you.
You resist with almost no effort.
The enormous slime creature closely misses you.
The wraith barely misses you.
Unknown command.
You claw the enormous slime creature!
The enormous slime creature is heavily wounded.
The wraith misses you. The basilisk barely misses you.
The enormous slime creature hits you! The wraith hits you but does no damage.
Two slime creatures merge to form a titanic slime creature.
As you read the scroll of teleportation, it crumbles to dust.
You feel strangely unstable.
The wraith hits you but does no damage. x2
The basilisk bites you but does no damage.
You closely miss the basilisk. The wraith hits you but does no damage.
The basilisk gazes at you.
You are slowing down.
The wraith hits you! The wraith drains your vigour!
You feel as though you will be slow longer.
The titanic slime creature hits you!!! The basilisk bites you.
The wraith misses you. The wraith hits you. The wraith drains your vigour!
You feel as though you will be slow longer.
You claw the basilisk!
The basilisk is moderately wounded.
The wraith hits you. The wraith drains your vigour!
You feel as though you will be slow longer.
The basilisk gazes at you.
Your limbs have turned to stone.
You block the wraith's attack.
The titanic slime creature barely misses you.
You have turned to stone.
Your surroundings seem slightly different.
The basilisk gazes at you. The wraith hits you!
The titanic slime creature hits you!!!!
* * * LOW HITPOINT WARNING * * *
The wraith hits you!
* * * LOW HITPOINT WARNING * * *
The titanic slime creature hits you!
You die...

########### #
..........#....
#.........@.....~~
#........WJl.##~≈≈
#.........W..#
#............#
#$.......<....
#.............~
#......).....#~≈≈#.$$|#≈°○.
#.............~≈≈#....#≈≈~
###.#########. ≈######≈≈.


You could see a titanic slime creature, a basilisk and 2 wraiths.

Vanquished Creatures
  Frances (D:12)
  Josephine (D:12)
  A merfolk avatar (Lair:5)
  A hydra (Lair:3)
  A boulder beetle (D:11)
  3 two-headed ogres
  4 death yaks
  Urug (D:11)
  Nergalle (Lair:2)
  A skyshark (Lair:5)
  A sea snake (Lair:5)
  6 manticores
  3 cyclopes
  9 elephants
  Maurice (D:12)
  Joseph (D:8)
  A torpor snail (Lair:1)
  3 black mambas
  Maggie (D:10)
  2 kobold demonologists
  An unseen horror (D:10)
  11 cane toads
  16 komodo dragons
  A rime drake (Lair:2)
  An unseen horror zombie (D:7)
  A freezing wraith (Lair:4)
  4 polar bears
  6 trolls
  A wind drake (Lair:5)
  5 hornets
  5 dream sheep (Lair:5)
  4 blink frogs (Lair:1)
  Sigmund (D:5)
  2 shadows
  3 wyverns
  31 yaks
  A vampire (D:11)
  A basilisk (Lair:5)
  A spriggan (Lair:5)
  3 wraiths
  2 redbacks (Lair:3)
  Eustachio (D:6)
  2 steam dragons
  A warg (D:12)
  9 water moccasins
  2 ice beasts (Lair:4)
  2 orc warriors (D:12)
  2 black bears (D:5)
  An ogre (D:6)
  9 centaurs
  48 wolves
  5 phantoms
  3 kobold brigands
  6 scorpions
  2 necrophages
  4 gnoll sergeants
  14 bullfrogs
  8 wights
  3 howler monkeys
  4 hounds
  A centaur zombie (D:7)
  Crazy Yiuf (D:7)
  A gnoll bouda (D:6)
  8 orc priests
  9 jellies
  13 orc wizards
  3 iguanas
  25 gnolls
  10 adders
  A shadow imp (D:6)
  3 white imps (Lair:4)
  2 ufetubi (D:5)
  32 orcs
  5 endoplasms
  4 goblins
  2 hobgoblins (D:3)
  9 jackals
  15 kobolds
  2 quokkas (D:1)
  6 ball pythons
  5 bats
  2 frilled lizards (D:2)
  6 rats
435 creatures vanquished.

Vanquished Creatures (collateral kills)
  A hydra (Lair:3)
  A yak (D:9)
  2 wights (D:9)
4 creatures vanquished.

Vanquished Creatures (others)
  A slime creature (D:12)
  2 electric eels (D:12)
  23 fungi
  37 plants
63 creatures vanquished.

Grand Total: 502 creatures vanquished

Notes
Turn   | Place    | Note
-------+----------+-------------------------------------------
     0 | D:1      | qeuew the Troll Berserker began the quest for the Orb.
     0 | D:1      | Reached XP level 1. HP: 22/22 MP: 0/0
   134 | D:1      | Reached XP level 2. HP: 28/29 MP: 1/1
   667 | D:2      | Found a faded altar of an unknown god.
   693 | D:2      | Found a shimmering altar of Xom.
   751 | D:2      | Reached XP level 3. HP: 36/36 MP: 2/2
   868 | D:2      | Reached ** piety under Trog
  1145 | D:3      | Found a sparkling altar of Nemelex Xobeh.
  1217 | D:3      | Noticed a small abomination
  1225 | D:3      | Found a transporter.
  1275 | D:3      | Found a transporter.
  1281 | D:3      | Found a one-way gate to the infinite horrors of the Abyss.
  1429 | D:3      | Found a transporter.
  1855 | D:3      | Noticed PLAYERX's ghost (weakling GnMo)
  1860 | D:3      | Found a transporter.
  1943 | D:4      | Noticed a scorpion
  1949 | D:4      | Reached skill level 4 in Unarmed Combat
  1949 | D:4      | Reached XP level 4. HP: 44/44 MP: 3/3
  1957 | D:4      | Killed a scorpion
  1958 | D:4      | Reached XP level 5. HP: 53/53 MP: 4/4
  1970 | D:4      | Identified the +0 chain mail "Fow Nour" {rPois rCorr Str-4}
  2030 | D:4      | Reached XP level 6. HP: 26/61 MP: 1/5
  2033 | D:4      | Reached skill level 5 in Unarmed Combat
  2136 | D:4      | Identified the ring of Rycykeg {rF+ Str+3 Int-3 Dex+3}
  2360 | D:4      | Noticed a hornet
  2362 | D:4      | Paralysed by a hornet for 3 turns
  2371 | D:4      | Killed a hornet
  2372 | D:4      | Reached XP level 7. HP: 55/68 MP: 6/6
  2437 | D:5      | Entered Level 5 of the Dungeon
  2516 | D:5      | Reached skill level 6 in Unarmed Combat
  2524 | D:5      | Reached skill level 5 in Dodging
  2551 | D:5      | Reached *** piety under Trog
  2684 | D:5      | Reached XP level 8. HP: 69/78 MP: 7/7
  2878 | D:5      | Reached skill level 7 in Unarmed Combat
  3064 | D:5      | Noticed Sigmund
  3067 | D:5      | Killed Sigmund
  3099 | D:5      | Identified the +4 robe of the Ego {Int+4}
  3111 | D:5      | Lost intelligence.
  3172 | D:5      | Lost intelligence.
  3283 | D:6      | Reached skill level 8 in Unarmed Combat
  3287 | D:6      | Reached skill level 5 in Fighting
  3325 | D:6      | Noticed a two-headed ogre
  3325 | D:6      | Noticed Eustachio
  3330 | D:6      | Reached XP level 9. HP: 82/88 MP: 8/8
  3335 | D:6      | Killed a two-headed ogre
  3345 | D:6      | Killed Eustachio
  3522 | D:6      | Reached skill level 9 in Unarmed Combat
  3956 | D:6      | Reached **** piety under Trog
  4592 | D:7      | Found a staircase to the Ecumenical Temple.
  4659 | D:7      | Found an opulent altar of Gozag.
  4661 | D:7      | Found a hide-covered altar of Uskayaw.
  4661 | D:7      | Found a sparkling altar of Nemelex Xobeh.
  4663 | D:7      | Found a basalt altar of Yredelemnul.
  4663 | D:7      | Found a shimmering altar of Xom.
  4663 | D:7      | Found a snail-covered altar of Cheibriados.
  4699 | D:7      | Found a runed translucent door.
  4700 | D:7      | Noticed Crazy Yiuf
  4761 | D:7      | Reached XP level 10. HP: 98/98 MP: 9/9
  4765 | D:7      | Found a basalt altar of Yredelemnul.
  4954 | D:7      | Found an ancient bone altar of Kikubaaqudgha.
  5096 | D:7      | Killed Crazy Yiuf
  5132 | D:8      | Found a shadowy altar of Dithmenos.
  5283 | D:8      | Noticed Joseph
  5297 | D:8      | Killed Joseph
  5298 | D:8      | Reached skill level 10 in Unarmed Combat
  5298 | D:8      | Reached skill level 1 in Evocations
  5342 | D:8      | Found a burning altar of Makhleb.
  5343 | D:8      | Found a staircase to the Lair.
  5392 | Lair:1   | Entered Level 1 of the Lair of Beasts
  5573 | D:8      | Found a broken altar of Ashenzari.
  5619 | D:8      | Found a blossoming altar of Fedhas.
  5829 | D:9      | Noticed a rust devil
  6017 | D:9      | Found a radiant altar of Vehumet.
  6033 | D:9      | Found an iron altar of Okawaru.
  6595 | D:10     | Entered Level 10 of the Dungeon
  6602 | D:10     | Reached skill level 11 in Unarmed Combat
  6606 | D:10     | Reached XP level 11. HP: 107/107 MP: 10/10
  7517 | Lair:1   | Noticed a death yak
  7524 | Lair:1   | Reached skill level 10 in Dodging
  7533 | Lair:1   | Killed a death yak
  7537 | Lair:1   | Reached skill level 12 in Unarmed Combat
  7959 | Lair:2   | Noticed Nergalle
  7969 | Lair:2   | Killed Nergalle
  8012 | Lair:2   | Reached XP level 12. HP: 113/118 MP: 11/11
  8869 | Lair:3   | Noticed a five-headed hydra
  8876 | Lair:3   | Killed a five-headed hydra
  9048 | Lair:3   | Found a staircase to the Swamp.
  9132 | Lair:3   | Noticed a seven-headed hydra
  9146 | Lair:3   | Killed a ten-headed hydra
  9148 | Lair:3   | Reached skill level 13 in Unarmed Combat
  9292 | Lair:3   | Found a hole to the Spider Nest.
  9958 | Lair:4   | Identified the +2 falchion "Imp's Bane" {speed, rPois Int+3
                  | Dex+4}
  9991 | Lair:4   | Noticed a death yak
  9991 | Lair:4   | Noticed a death yak
  9992 | Lair:4   | Noticed a death yak
 10001 | Lair:3   | Killed a death yak
 10009 | Lair:3   | Killed a death yak
 10041 | Lair:4   | Killed a death yak
 10042 | Lair:4   | Reached skill level 5 in Evocations
 10585 | Lair:5   | Entered Level 5 of the Lair of Beasts
 10694 | Lair:5   | Reached XP level 13. HP: 91/128 MP: 8/12
 10921 | Lair:5   | Identified the +1 ring mail "Jafug" {Drain +Inv rC+ Will+}
 10936 | Lair:5   | Reached skill level 14 in Unarmed Combat
 10990 | Lair:5   | Found a viscous altar of Jiyva.
 11182 | Lair:5   | Found a staircase to the Slime Pits.
 11213 | Lair:5   | Reached ***** piety under Trog
 11386 | Lair:5   | Received a gift from Trog
 11403 | Lair:5   | Identified the +10 trident of Baloq {vamp, rElec rF+}
 11875 | Lair:5   | Reached skill level 15 in Unarmed Combat
 11875 | Lair:5   | Reached XP level 14. HP: 140/140 MP: 13/13
 12131 | D:10     | Found an opulent altar of Gozag.
 12170 | D:10     | Noticed Maggie
 12182 | D:10     | Killed Maggie
 12260 | D:10     | Found Umyst's General Store.
 12266 | D:10     | Bought an amulet of reflection for 360 gold pieces
 12266 | D:10     | Bought a scroll of teleportation for 36 gold pieces
 12266 | D:10     | Bought a potion of might for 48 gold pieces
 12587 | D:10     | Found a bloodstained altar of Trog.
 13025 | D:11     | Noticed Urug
 13031 | D:11     | Killed Urug
 13494 | D:12     | Found a staircase to the Orcish Mines.
 13583 | D:12     | Noticed Frances
 13597 | D:12     | Killed Frances
 13680 | D:12     | Reached XP level 15. HP: 126/148 MP: 14/14
 13738 | D:12     | Noticed Maurice
 13747 | D:12     | Killed Maurice
 13886 | D:12     | Noticed Josephine
 13901 | D:12     | Killed Josephine
 13915 | D:12     | HP: 7/144 [wraith[Josephine] (5)]
 13915 | D:12     | Slain by a titanic slime creature

Illustrated notes

Levels and vault maps discovered:
D:1:      dpeg_arrival_rooms_b, layout_basic
D:2:      layout_basic, basic_altar, ebering_ecumenical_altar_ruins
D:3:      gammafunk_steamed_eel, layout_basic, mainiacjoe_overflow_alcove_2,
          gammafunk_ghost_abyssal_escape, minmay_misc_feat_plants
D:4:      layout_rooms
D:5:      layout_loops_ring, wad_rectangle_vault, uniq_sigmund
D:6:      layout_layer_cave, minmay_misc_feat_doors, uniq_eustachio
D:7:      layout_basic, doesnt_xom_only_xom, lemuel_zombie_altar_yredelemnul,
          kennysheep_little_box, minmay_temple_entry_junction, serial_rivers,
          chequers_serial_rivers_micro_c, chequers_serial_rivers_large_a,
          chequers_serial_rivers_micro_b, chequers_serial_rivers_small_a,
          chequers_serial_rivers_marsh, chequers_serial_rivers_marsh,
          uniq_crazy_yiuf_cottage
D:8:      layout_cave_pools, bloody_makhleb, grunt_dithmenos_smoke,
          general_overflow_altar, nicolae_ashenzari_panopticon, serial_rivers,
          chequers_serial_rivers_marsh, chequers_serial_rivers_large_b,
          chequers_serial_rivers_micro_d, chequers_serial_rivers_marsh,
          chequers_mini_garden, kennysheep_generic_room_6, uniq_joseph
D:9:      layout_basic, fiery_altar_vehumet,
          hellmonk_okawaru_the_only_friend_you_need
D:10:     layout_irregular_city, marbit_many_paths,
          mainiacjoe_overflow_tiny_flanked, serial_shops, shop, uniq_maggie
D:11:     layout_roguey, uniq_urug
D:12:     layout_roguey, erik_orc_4, lemuel_freeze_loot_1, uniq_maurice,
          uniq_frances, uniq_josephine
Lair:1:   layout_gridlike, hibernation_bobbens, grunt_megastairs_4,
          serial_bayou_shore_b
Lair:2:   layout_loops_ring, uniq_nergalle
Lair:3:   layout_layer_cave, swamp_mist, spider_nest_entry_webs,
          nicolae_lair_grove_arrangements
Lair:4:   layout_hall_layers, ice2_lemuel
Lair:5:   gammafunk_lair_ancient_temple, layout_cave_pods,
          nicolae_slime_entry_field_trip, grunt_forest_large_clearings,
          serial_bayou_shore_b

Skill      XL: |  1  2  3  4  5  6  7  8  9 10 11 12 13 14 |
---------------+-------------------------------------------+-----
Dodging        | 3 4 5 6 8 9 10 11 12 13 | 13.2
Unarmed Combat | 4 5 6 8 9 11 12 13 15 | 15.6
Fighting       | 3 4 5 6 7 8 9 |  9.6
Evocations     | 2 4 5 6 |  6.7

Action                     |  1- 3 |  4- 6 |  7- 9 | 10-12 | 13-15 || total
---------------------------+-------+-------+-------+-------+-------++-------
  Melee: Unarmed           |    98 |    57 |   198 |   452 |   408 ||  1213
         Punch             |     1 |     3 |    11 |    31 |    31 ||    77
 Invoke: Berserk           |       |     3 |     2 |     6 |     2 ||    13
         Trog's Hand       |       |     2 |     1 |     7 |     3 ||    13
         Brothers in Arms  |       |       |       |     4 |       ||     4
    Use: Scroll            |    10 |       |     4 |     3 |     4 ||    21
         Potion            |       |       |     3 |     5 |     1 ||     9
   Stab: Sleeping          |     1 |     1 |       |     1 |       ||     3
         Invisible         |       |       |       |     2 |       ||     2
         Distracted        |       |       |       |     1 |       ||     1
 Armour: Animal skin       |    40 |    28 |    42 |       |       ||   110
         Robe              |       |       |    62 |   172 |   130 ||   364
  Dodge: Dodged            |    53 |    26 |   126 |   332 |   329 ||   866
  Block: Other             |       |       |       |       |    59 ||    59
         Reflection        |       |       |       |       |     6 ||     6

Table legend: (Time is in decaauts)
 A = Elapsed time spent in this place.
 B = Non-inter-level travel time spent in this place.
 C = Inter-level travel time spent in this place.
 D = Time resting spent in this place.
 E = Time spent auto-exploring this place.
 F = Levels seen in this place.
 G = Mean time per level.
                   A        B        C        D        E       F      G
               +--------+--------+--------+--------+--------+-----+--------+
         Total |  13813 |  13115 |    698 |     56 |  10761 |  17 |  812.5 |
       Dungeon |   8561 |   8125 |    436 |     27 |   6694 |  12 |  713.4 |
          Lair |   5251 |   4990 |    261 |     29 |   4067 |   5 | 1050.2 |
               +--------+--------+--------+--------+--------+-----+--------+

Top non-repeatable levels by time:
  Lair:5: 1281 daAuts
  Lair:3: 1258 daAuts
  Lair:1: 1201 daAuts
     D:6: 979 daAuts
     D:7: 884 daAuts
     D:9: 837 daAuts
     D:5: 833 daAuts
  Lair:2: 821 daAuts
     D:3: 819 daAuts
    D:10: 719 daAuts
     D:8: 707 daAuts
  Lair:4: 688 daAuts
     D:1: 645 daAuts
    D:11: 610 daAuts
     D:4: 563 daAuts
